 Dungeon Crawl Stone Soup version 0.20.1-1-g8b1a95d (webtiles) character file.

114 colophon the Conjurer (level 5, -10/28 HPs)
             Began as a Kobold Conjurer on Oct 26, 2017.
             Killed by divine providence
             ... invoked by an orc priest
              (15 damage)
             ... on level 2 of the Dungeon.
             The game lasted 00:29:34 (2670 turns).

colophon the Conjurer (Kobold Conjurer)             Turns: 2670, Time: 00:29:35

Health: -10/28     AC:  3    Str:  6    XL:     5   Next: 18%
Magic:  6/9        EV: 16    Int: 17    God:
Gold:   95         SH:  0    Dex: 15    Spells: 7/10 levels left

rFire    . . .     SeeInvis .   g - +0 short sword
rCold    . . .     Gourm    .   (shield restricted)
rNeg     . . .     Faith    .   a - +1 robe
rPois    .         Spirit   .   (no helmet)
rElec    .         Reflect  .   (no cloak)
rCorr    .         Harm     .   (no gloves)
MR       .....                  (no boots)
Stlth    +++.......             (no amulet)
Regen    0.1/turn               (no ring)
MPRegen  0.2/turn               (no ring)

@: no status effects
A: carnivore 3
a: no special abilities


You were on level 2 of the Dungeon.
You were very full.

You visited 1 branch of the dungeon, and saw 3 of its levels.

You collected 95 gold pieces.

Inventory:

Hand Weapons
 g - a +0 short sword (weapon)
 o - a +3 dagger of flaming
Missiles
 i - 125 stones (quivered)
Armour
 a - a +1 robe (worn)
 f - a +0 leather armour
Scrolls
 d - 3 scrolls of teleportation
 h - 2 scrolls of identify
 n - a scroll of fear {unknown}
Potions
 e - a potion of magic {unknown}
 k - 3 potions of might {unknown}
 l - a potion of lignification {unknown}
 m - 2 potions of ambrosia {unknown}
 p - 3 potions of curing {unknown}
Books
 b - a book of Conjurations

   Spells                             Type                      Level
   a - Magic Dart                     Conjuration                  1
   b - Searing Ray                    Conjuration                  2
   c - Dazzling Spray                 Conjuration/Hexes            3
   d - Fulminant Prism                Conjuration/Hexes            4
   e - Force Lance                    Conjuration/Translocation    4
   f - Iskenderun's Mystic Blast      Conjuration                  4
Comestibles
 c - 2 meat rations
 q - a royal jelly


   Skills:
 + Level 3.6 Dodging
 + Level 3.8 Stealth
 + Level 3.2 Spellcasting
 + Level 4.6 Conjurations


You had 7 spell levels left.
You knew the following spells:

 Your Spells              Type           Power        Failure   Level  Hunger
a - Magic Dart            Conj           ###.         2%          1    None
b - Searing Ray           Conj           ###...       3%          2    ##.....


Dungeon Overview and Level Annotations

Branches:
Dungeon (3/15)

Altars:
Dithmenos

Annotations:
D:3 Ushi's ghost, amateur HuFE


Innate Abilities, Weirdness & Mutations

You are small and have problems with some larger weapons.
You are carnivorous and can eat meat at any time.


Message History

Aiming: Magic Dart
Press: ? - help, Shift-Dir - straight line, f/p - orc
Aim: an orc, wielding a hand axe of distortion (almost dead)
The magic dart hits the ball python.
You kill the ball python!
Casting: Magic Dart
Confirm with . or Enter, or press ? or * to list all spells.
Aiming: Magic Dart
Press: ? - help, Shift-Dir - straight line, f/p - orc
Aim: an orc, wielding a hand axe of distortion (almost dead)
The magic dart hits the orc priest.
The orc priest is lightly wounded.
The orc priest calls down the wrath of Beogh upon you.
Beogh smites you!
* * * LOW HITPOINT WARNING * * *
All of the chunks of flesh in your inventory have rotted away.
The orc priest invokes the aid of Beogh against you.
Beogh smites you!
Ouch! That really hurt!
You die...

#.###### ##########
#.#..... #........# #
#......# ###........#.#
#......# ...........#.#.#
#......# ...............#
#......# ...........##.##
#......# ................
#......#
........@.....####......#
....##..........#......# .
#...................
#.oo.#......#.#..[##
#######...........#.###.##
#.........#####...#.......
#........>................
#.........#.#.....#.......
#.......†.#.#.##..##......


You could see an orc priest and an orc.

Vanquished Creatures
  3 adders (D:2)
  3 gnolls (D:2)
  An ooze (D:2)
  A worm (D:2)
  2 dart slugs
  3 leopard geckos
  A ball python (D:2)
  10 goblins
  2 hobgoblins (D:1)
  2 jackals (D:1)
  6 bats
  4 frilled lizards
  3 kobolds
  5 rats
46 creatures vanquished.

Notes
Turn   | Place    | Note
-------+----------+-------------------------------------------
     0 | D:1      | colophon the Kobold Conjurer began the quest for the Orb.
     0 | D:1      | Reached XP level 1. HP: 10/10 MP: 3/3
   181 | D:1      | Reached XP level 2. HP: 15/15 MP: 1/5
   185 | D:1      | Learned a level 2 spell: Searing Ray
   685 | D:1      | Reached XP level 3. HP: 8/19 MP: 3/6
  1587 | D:2      | Reached XP level 4. HP: 11/24 MP: 2/8
  1834 | D:2      | Found a shadowy altar of Dithmenos.
  2447 | D:2      | Reached XP level 5. HP: 28/28 MP: 5/9
  2499 | D:3      | Noticed Ushi's ghost (amateur HuFE)
  2670 | D:2      | Killed from afar by an orc priest

Skill      XL: |  1  2  3  4 |
---------------+-------------+-----
Stealth        | 3 |  3.8
Dodging        | 3 |  3.6
Spellcasting   | 3 |  3.2
Conjurations   | |  4.6

Action                   |  1- 3 |  4- 6 || total
-------------------------+-------+-------++-------
Melee: Short sword       |    29 |     4 ||    33
Throw: Stone             |     1 |     6 ||     7
 Cast: Magic Dart        |    33 |    27 ||    60
       Searing Ray       |     6 |     4 ||    10
  Use: Scroll            |     3 |     3 ||     6
 Stab: Sleeping          |     1 |       ||     1
  Eat: Chunk             |    11 |     2 ||    13
Armor: Robe              |     3 |     6 ||     9
Dodge: Dodged            |    44 |     9 ||    53
